AoeStats
← SeemsFishy

Pilgrims

508023277Analyzed
4v4 RM · 11d ago on Sep 20, 2026· 26m 57s· 8 players
Game mode
Random Map
Map size
Large (8 player)
Population
200
Speed
Normal
Resources
Standard
Victory
Conquest
Starting age
Dark Age
Ending age
Imperial Age
RankedLock teamsTeams togetherTeam positionsShared explorationLock speedFull tech treeHidden civsTurbo modeCheats
Victory
Defeat
🇨🇳 Chinese · China
1555
+13
🇭🇰 Khmer · Hong Kong SAR China
1538
+14
🇨🇳 Turks · China
1522
+14
🇬🇧 Celts · United Kingdom
1379
+20
🇨🇴 Vikings · Colombia
1511
-16
🇺🇸 Byzantines · United States
1482
-15
🇨🇦 Japanese · Canada
1467
-15
🇹🇷 Persians · Türkiye
1464
-15
IamBritt
11:08 Feudal Age
12:58 Loom
15:36 Castle Age
20:21 Double-Bit Axe
dialchacri
4:05 Loom
5:17 Loom
11:20 Feudal Age
15:31 Castle Age
14:57 Double-Bit Axe
16:24 Fletching
17:35 Bodkin Arrow
21:11 Bow Saw
21:58 Horse Collar
23:06 Heavy Plow
27:21 Scale Mail Armor
27:32 Forging
bruce6633
9:41 Feudal Age
15:04 Castle Age
13:44 Loom
19:29 Fletching
22:28 Wheelbarrow
24:13 Hand Cart
The_ropztr
3:04 Loom
10:43 Feudal Age
12:23 Fletching
19:12 Castle Age
19:16 Demolition Ship
20:34 Bodkin Arrow
SeemsFishy
5:33 Loom
10:44 Feudal Age
15:14 Castle Age
17:27 Medium Warships
th0m45
4:11 Loom
9:33 Feudal Age
12:58 Scale Barding Armor
13:20 Forging
13:59 Bloodlines
19:19 Double-Bit Axe
23:05 Castle Age
21:12 Horse Collar
22:39 Gold Mining
23:20 Light Cavalry
24:02 Husbandry
24:23 Chain Barding Armor
27:45 Iron Casting
李雾月
8:00 Loom
12:05 Feudal Age
13:15 Double-Bit Axe
14:23 Horse Collar
17:03 Castle Age
15:07 Gold Mining
15:14 Fletching
17:20 Padded Archer Armor
17:53 Bow Saw
17:44 Bodkin Arrow
17:51 Heavy Plow
22:01 Thumb Ring
雾枝
3:22 Loom
11:36 Feudal Age
13:47 Double-Bit Axe
16:36 Castle Age
17:02 Wheelbarrow
16:40 Forging
18:11 Iron Casting
18:31 Medium Warships
18:51 Clinker Construction
24:39 Careening
25:54 Fishing Lines
Connection lost

Rejoining the realm…

Still unreachable

The connection could not be restored.

Session expired

The server has moved on; the page needs a fresh start.